 Dungeon Crawl Stone Soup version 0.27.1-33-g824d729ab1 (webtiles) character file.

Game seed: 619831251120334850

72 safid the Shield-Bearer (level 4, 0/40 HPs)
             Began as a Hill Orc Fighter on Dec 22, 2021.
             Killed by nerve-wracking pain
             ... invoked by Grinder
              (5 damage)
             ... on level 3 of the Dungeon.
             The game lasted 00:02:44 (2184 turns).

safid the Shield-Bearer (Hill Orc Fighter)          Turns: 2184, Time: 00:02:45

Health: 0/40       AC:  7    Str: 19    XL:     4   Next: 26%
Magic:  4/4        EV:  7    Int:  8    God:
Gold:   93         SH:  9    Dex: 10    Spells: 3/3 levels left

rFire    . . .     SeeInvis .   a - +0 war axe
rCold    . . .     Faith    +   c - +0 kite shield
rNeg     . . .     Spirit   .   b - +0 scale mail
rPois    .         Reflect  .   (no helmet)
rElec    .         Harm     .   (no cloak)
rCorr    .         Rampage  .   (no gloves)
Will     .....                  (no boots)
Stlth    ..........             i - amulet of faith
HPRegen  0.13/turn              (no ring)
MPRegen  0.09/turn              (no ring)

@: mighty
A: no striking features
a: no special abilities


You were on level 3 of the Dungeon.
You visited 1 branch of the dungeon, and saw 3 of its levels.

You collected 93 gold pieces.

Inventory:

Hand Weapons
 a - a +0 war axe (weapon)
Missiles
 h - 3 poisoned darts (quivered)
Armour
 b - a +0 scale mail (worn)
 c - a +0 kite shield (worn)
Jewellery
 i - an amulet of faith (around neck)
 j - a ring of fire
Scrolls
 e - 2 scrolls of torment {unknown}
 f - a scroll of teleportation {unknown}
 l - 2 scrolls of identify {unknown}
 m - a scroll of vulnerability {unknown}
Potions
 g - a potion of heal wounds {unknown}
 k - a potion of lignification {unknown}


   Skills:
 - Level 4.0 Fighting
 + Level 3.9 Axes
 - Level 4.0 Armour
 + Level 4.1 Shields


You had 3 spell levels left.
You didn't know any spells.
Your spell library contained the following spells:

 Spells                   Type           Power      Damage    Failure   Level
 Animate Skeleton         Necr           0%         N/A       99%         1
 Apportation              Tloc           0%         N/A       99%         1
 Corona                   Hex            0%         N/A       99%         1
 Summon Small Mammal      Summ           0%         N/A       99%         1
 Corpse Rot               Necr/Air       N/A        N/A       100%        2
 Poisonous Vapours        Pois/Air       0%         N/A       100%        2
 Freezing Cloud           Conj/Ice/Air   0%         6-21      100%        5


Dungeon Overview and Level Annotations

Branches:
Dungeon (3/15)

Altars:
Okawaru
Sif Muna

Annotations:
D:3 Grinder


Message History

* * * LOW HITPOINT WARNING * * *
Throw: 8 darts (poison)
Press: ? - help, Q - select action Shift-Dir - straight line, f/p - Grinder
Aim: Grinder (heavily wounded, 53% to hit)
You throw a poisoned dart. The poisoned dart hits Grinder.
Grinder is heavily wounded.
Grinder blinks!
Throw: 7 darts (poison)
Press: ? - help, Q - select action Shift-Dir - straight line, f/p - Grinder
Aim: Grinder (heavily wounded, 53% to hit)
You throw a poisoned dart. The poisoned dart hits Grinder.
Grinder is heavily wounded.
Throw: 6 darts (poison)
Press: ? - help, Q - select action Shift-Dir - straight line, f/p - Grinder
Aim: Grinder (heavily wounded, 53% to hit)
You throw a poisoned dart.
The poisoned dart closely misses Grinder.
You slash Grinder!
Grinder is almost dead.
Grinder blinks!
You barely miss Grinder.
Grinder is almost dead.
Grinder gestures at you.
You suddenly lose the ability to move!
Grinder hits you but does no damage.
Grinder blinks!
You can move again.
Throw: 5 darts (poison)
Press: ? - help, Q - select action Shift-Dir - straight line, f/p - Grinder
Aim: Grinder (almost dead, 53% to hit)
You throw a poisoned dart. The poisoned dart hits Grinder.
Grinder is poisoned.
Grinder is almost dead.
Throw: 4 darts (poison)
Press: ? - help, Q - select action Shift-Dir - straight line, f/p - Grinder
Aim: Grinder (almost dead, poisoned, 53% to hit)
You throw a poisoned dart.
The poisoned dart closely misses Grinder.
Grinder gestures at you. Pain shoots through your body!
You die...

#.#...................
#.#..<....##+###.#....
#.#...#.#.# #.#.... #.#.#)#.#.##
#.#.#.†.. ######.#......(..
....#....
#####....#.......(###.#.###....
###...#............((...#. ##.#..
#:#...#####.###†....###.#. #..###
#:#._.#.....# +.@.......#.##..##.
#:#...####..# #....####.#........
###...'.##..# #...5........#.....
#######.##..# #.##.(###.##.######
............# ... ..(##.##'#..(..
........#...###+####.##.........#
................................#
............#....####.#.........#
.........##.#...).....#.####'####


You could see Grinder (poisoned).

Vanquished Creatures
  4 adders
  A dart slug (D:2)
  2 endoplasms
  3 giant cockroaches
  5 goblins
  2 hobgoblins (D:1)
  8 ball pythons
  4 bats
  A frilled lizard (D:1)
  2 kobolds
  4 rats
36 creatures vanquished.

Notes
Turn   | Place    | Note
-------+----------+-------------------------------------------
     0 | D:1      | safid the Hill Orc Fighter began the quest for the Orb.
     0 | D:1      | Reached XP level 1. HP: 19/19 MP: 1/1
   257 | D:1      | Reached XP level 2. HP: 23/27 MP: 2/2
   555 | D:1      | Found a faded altar of an unknown god.
   867 | D:2      | Reached XP level 3. HP: 26/33 MP: 3/3
  1642 | D:2      | Reached XP level 4. HP: 39/40 MP: 4/4
  2064 | D:3      | Found an iron altar of Okawaru.
  2131 | D:3      | Found a shimmering blue altar of Sif Muna.
  2151 | D:3      | Noticed Grinder
  2179 | D:3      | Paralysed by Grinder for 4 turns
  2184 | D:3      | Killed from afar by Grinder

Illustrated notes

Levels and vault maps discovered:
D:1:      onia_arrival_mini_spirals, layout_basic,
          shapermc_ecumenical_altar_venn, minmay_liquid_box
D:2:      layout_loops_cross
D:3:      layout_basic, mainiacjoe_overflow_paths,
          nicolae_sif_muna_little_library, uniq_grinder

Skill      XL: |  1  2  3  4 |
---------------+-------------+-----
Axes           | 3 |  3.9
Fighting       | 4 |  4.0
Armour         | 4 |  4.0
Shields        | 4 |  4.1

Action                   |  1- 3 |  4- 6 || total
-------------------------+-------+-------++-------
Melee: War axe           |    82 |    36 ||   118
Throw: Dart              |       |     7 ||     7
  Use: Potion            |       |     1 ||     1
Armor: Scale mail        |    55 |    21 ||    76
Dodge: Dodged            |    28 |    12 ||    40
Block: Kite shield       |    44 |    14 ||    58
